 Dungeon Crawl Stone Soup version 0.30-a0-34-gbe8da3892a (webtiles) character file.

Game seed: 7081915251921943358

40 ytrimaz the Insei (level 3, -2/34 HPs)
             Began as an Octopode Transmuter on Aug 28, 2022.
             Succumbed to an adder's poison
             ... on level 2 of the Dungeon.
             The game lasted 00:01:50 (1602 turns).

ytrimaz the Insei (Octopode Transmuter)             Turns: 1602, Time: 00:01:50

Health: -2/34      AC: 21    Str:  9    XL:     3   Next: 50%
Magic:  6/6        EV:  2    Int: 17    God:
Gold:   128        SH:  0    Dex: 12    Spells: 0/6 levels left

rFire   + . .      SeeInvis +      - Unarmed
rCold   . . .      Faith    .    (no shield)
rNeg    . . .      Spirit   .    (helmet currently unavailable)
rPois   +          Reflect  .    (no amulet)
rElec   .          Harm     .    h - ring of protection from fire
rCorr   .          Rampage  .    g - ring of see invisible
Will    .....      NoTele   +    (no ring)
Stlth   +.........               (no ring)
HPRegen 0.11/turn                (no ring)
MPRegen 0.10/turn                (no ring)
                                 (no ring)
                                 (no ring)

@: lethally poisoned (-2 -> -17), tree-form
A: stationary, stasis, torment immunity, boosted hp, almost no armour,
(amphibious), 8 rings, (camouflage 1), (gelatinous body 1), (nimble swimmer 1),
(tentacles)
a: no special abilities


You were on level 2 of the Dungeon.
You were a tree.
You visited 1 branch of the dungeon, and saw 2 of its levels.

You collected 128 gold pieces.

Inventory:

Jewellery
 g - a ring of see invisible (right branch)
 h - a ring of protection from fire (left branch)
Scrolls
 c - a scroll of brand weapon
 e - a scroll of immolation
 f - a scroll of magic mapping


   Skills:
 - Level 1.0 Fighting
 - Level 2.0 Dodging
 - Level 4.1 Unarmed Combat
 + Level 2.1 Spellcasting
 + Level 2.1 Transmutations
 * Level 1.1 Poison Magic


You couldn't memorise any spells.
You knew the following spells:

 Your Spells              Type           Power      Damage    Failure   Level
a - Beastly Appendage     Tmut           18%        N/A       8%          1
b - Wereblood             Tmut           9%         N/A       12%         2
c - Spider Form           Tmut/Pois      7%         N/A       30%         3

Your spell library contained the following spells:

 Spells                   Type           Power      Damage    Failure   Level
 Ice Form                 Ice/Tmut       5%         N/A       77%         4


Dungeon Overview and Level Annotations

Branches:
Dungeon (2/15)

Altars:


Innate Abilities, Weirdness & Mutations

You are a tree.
Your roots penetrate the ground, keeping you stationary.
You cannot be teleported.
You are immune to unholy pain and torment.
Your maximum health is greatly increased.
You cannot wear most types of armour.
((You are amphibious.))
You can wear up to eight rings at the same time.
((Your skin changes colour to match your surroundings (Stealth+).))
((Your rubbery body absorbs attacks. (AC +1, EV +1)))
((You are camouflaged when in or above water. (Stealth+)))
((You have tentacles for arms and can constrict up to eight enemies at once.))


Message History

Unknown command.
You closely miss the frilled lizard.
The frilled lizard is heavily wounded.
You constrict the frilled lizard.
You kill the frilled lizard!
You see here a frilled lizard corpse.
You start resting.
An adder is nearby!
An adder is nearby!
An adder is nearby!
An adder is nearby!
One of your tentacles grows a vicious spike.
The adder bites you.
You are poisoned.
The adder poisons you!
You closely miss the adder. Your grab misses the adder.
Your tentacle spike misses the adder.
You feel sick. The adder bites you.
You are more poisoned.
The adder poisons you!
You tentacle-slap the adder. Your grab misses the adder.
Your tentacle spike misses the adder.
The adder is heavily wounded.
You feel sick. The adder barely misses you.
You barely miss the adder. Your grab misses the adder.
You pierce the adder.
The adder is severely wounded.
You feel sick. The adder bites you.
* * * LOW HITPOINT WARNING * * *
You are more poisoned.
The adder poisons you!
It was a potion of magic.
Magic courses through your body.
Your transformation is almost over.
* * * LOW HITPOINT WARNING * * *
You feel sick. The adder bites you but does no damage. The adder bites you.
* * * LOW HITPOINT WARNING * * *
You are more poisoned.
The adder poisons you!
Really quaff the potion of lignification?
Your tentacle spike disappears.
You turn into a tree.
Your roots penetrate the ground.
You die...

....... #......
...#.# #.##.# #
###.##.# .#
#......###...
####S>..........
#..♣....†..#
#.##.......###.#
# #.........#.#
###....†..#.# #
# #.......#.#
#.#
###....##.###.#
#....##.# ...
#####.#.##.##.#.
.......>......#.


You could see an adder.

Vanquished Creatures
  An adder (D:2)
  A worm (D:2)
  2 dart slugs (D:1)
  3 ball pythons (D:1)
  An endoplasm (D:1)
  A giant cockroach (D:1)
  A goblin (D:1)
  2 hobgoblins
  2 quokkas (D:1)
  2 bats (D:1)
  2 frilled lizards
  3 kobolds
  4 rats
25 creatures vanquished.

Notes
Turn   | Place    | Note
-------+----------+-------------------------------------------
     0 | D:1      | ytrimaz the Octopode Transmuter began the quest for the
                  | Orb.
     0 | D:1      | Reached XP level 1. HP: 13/13 MP: 3/3
   192 | D:1      | Reached XP level 2. HP: 6/18 MP: 3/5
   982 | D:1      | Reached skill level 4 in Unarmed Combat
   987 | D:1      | Reached XP level 3. HP: 12/23 MP: 6/6
   990 | D:1      | Learned a level 2 spell: Wereblood
   994 | D:1      | Learned a level 3 spell: Spider Form
  1134 | D:1      | Found a faded altar of an unknown god.
  1230 | D:2      | HP: 1/23 [worm (11)]
  1582 | D:2      | Reached skill level 1 in Poison Magic
  1601 | D:2      | HP: 1/23 [adder (2)]
  1602 | D:2      | Succumbed to an adder's poison

Illustrated notes

Levels and vault maps discovered:
D:1:      pf_arrival_petrified_forest, layout_rooms,
          nicolae_ecumenical_snake_handling, minmay_misc_feat_hallway
D:2:      layout_loops_ring

Skill      XL: |  1  2  3 |
---------------+----------+-----
Unarmed Combat | 4 |  4.1
Poison Magic   | 1 |  1.1
Fighting       | |  1.0
Dodging        | |  2.0
Spellcasting   | |  2.1
Transmutations | |  2.1

Action                   || total
-------------------------++-------
Melee: Unarmed           ||    55
       Constrict         ||    18
       Kick              ||    14
       Tentacles         ||    11
       Punch             ||     2
 Cast: Beastly Appendage ||     9
       Wereblood         ||     1
  Use: Scroll            ||     4
       Potion            ||     2
 Stab: Sleeping          ||     1
Armor: Skin              ||    11
Dodge: Dodged            ||    35

Table legend: (Time is in decaauts)
 A = Elapsed time spent in this place.
 B = Non-inter-level travel time spent in this place.
 C = Inter-level travel time spent in this place.
 D = Time resting spent in this place.
 E = Time spent auto-exploring this place.
 F = Levels seen in this place.
 G = Mean time per level.
                   A        B        C        D        E       F      G
               +--------+--------+--------+--------+--------+-----+--------+
         Total |   1596 |   1555 |     41 |    305 |   1055 |   2 |  798.0 |
       Dungeon |   1596 |   1555 |     41 |    305 |   1055 |   2 |  798.0 |
               +--------+--------+--------+--------+--------+-----+--------+

Top non-repeatable levels by time:
     D:1: 1210 daAuts
     D:2: 386 daAuts
